 Dungeon Crawl Stone Soup version 0.27-a0-920-gb2bd10914a (webtiles) character file.

Game seed: 14239659859158465764

320 spiderkeys the Sneak (level 6, -10/42 HPs)
             Began as an Octopode Brigand on Apr 9, 2021.
             Was a Believer of Cheibriados.
             Mangled by a wight
             ... wielding a +4 flail of freezing
              (14 damage)
             ... on level 7 of the Dungeon.
             The game lasted 00:03:03 (3518 turns).

spiderkeys the Sneak (Octopode Brigand)             Turns: 3518, Time: 00:03:03

Health: -10/42     AC:  1    Str: 16    XL:     6   Next: 46%
Magic:  3/6        EV: 15    Int: 20    God:    Cheibriados [**....]
Gold:   168        SH:  0    Dex: 21    Spells: 5/5 levels left

rFire    . . .     SeeInvis .   a - +2 dagger
rCold    . . .     Faith    .   (no shield)
rNeg     . . .     Spirit   .   (helmet restricted)
rPois    .         Reflect  .   (no amulet)
rElec    .         Harm     .   (no ring)
rCorr    .         Rampage  .   (no ring)
Will     .....                  (no ring)
Stlth    +++++.....             (no ring)
HPRegen  0.14/turn              (no ring)
MPRegen  0.10/turn              (no ring)
                                (no ring)
                                (no ring)

@: very slow
A: almost no armour, amphibious, 8 rings, camouflage 1, gelatinous body 1,
(nimble swimmer 1), tentacles
a: Renounce Religion, Bend Time


You were on level 7 of the Dungeon.
You worshipped Cheibriados.
Cheibriados was pleased with you.
You visited 1 branch of the dungeon, and saw 5 of its levels.

You collected 198 gold pieces.
You spent 30 gold pieces at shops.

Inventory:

Hand Weapons
 a - a +2 dagger (weapon)
Missiles
 b - 8 poisoned darts (quivered)
 c - 2 curare-tipped darts
Jewellery
 j - an amulet of guardian spirit
 o - an amulet of regeneration
Scrolls
 d - a scroll of brand weapon {unknown}
 e - 4 scrolls of identify {unknown}
 f - 2 scrolls of silence {unknown}
 g - a scroll of teleportation {unknown}
 i - a scroll of immolation {unknown}
 l - a scroll of noise {unknown}
 m - a scroll of torment {unknown}
 r - 2 scrolls of blinking {unknown}
 s - 3 scrolls of acquirement {unknown}
Potions
 h - a potion of brilliance {unknown}
 k - 2 potions of curing
 n - a potion of lignification {unknown}
 p - a potion of resistance {unknown}
 q - a potion of flight {unknown}


   Skills:
 + Level 3.4 Fighting
 + Level 3.4 Short Blades
 - Level 2.0 Throwing
 * Level 4.0 Dodging
 + Level 6.6 Stealth


You had 5 spell levels left.
You didn't know any spells.
Your spell library was empty.

Dungeon Overview and Level Annotations

Branches:
Dungeon (4/15)
 Temple: D:4-7

Altars:
Cheibriados

Shops:
D:2 [(   D:4 !


Innate Abilities, Weirdness & Mutations

You cannot wear most types of armour.
You are amphibious.
You can wear up to eight rings at the same time.
Your skin changes colour to match your surroundings (Stealth+).
Your rubbery body absorbs attacks. (AC +1, EV +1)
((You are camouflaged near water. (Stealth+)))
You have tentacles for arms and can constrict up to eight enemies at once.


Message History

The shaft crumbles and collapses.
Found 15 stones and a club.
Found a stone staircase leading down.
No target in view!
No target in view!
A bullfrog comes into view.
A wight comes into view. It is wielding a +4 flail of freezing.
You hit the bullfrog. Your grab misses the bullfrog.
Your squeeze misses the bullfrog.
The bullfrog is lightly wounded.
The bullfrog completely misses you.
You hit the bullfrog. You grab the bullfrog.
The bullfrog is moderately wounded.
You constrict the bullfrog. The bullfrog hits you. x2
You hit the bullfrog. You squeeze the bullfrog.
The bullfrog is severely wounded.
You constrict the bullfrog. The bullfrog hits you.
You hit the bullfrog.
The bullfrog is almost dead.
You constrict the bullfrog.
You kill the bullfrog!
Cheibriados thoroughly appreciates the change of pace.
The wight hits you with a +4 flail of freezing!
You feel drained. The wight freezes you.
Your life force feels restored.
Your Dodging skill increases to level 4!
The flow of time bends around you.
The wight resists with some effort.
The wight hits you with a +4 flail of freezing!
* * * LOW HITPOINT WARNING * * *
The wight freezes you.
* * * LOW HITPOINT WARNING * * *
Unknown command.
You hit the wight but do no damage. You grab the wight. You squeeze the wight.
The wight is lightly damaged.
You constrict the wight, but do no damage.
The wight barely misses you.
You hit the wight.
The wight is heavily damaged.
You constrict the wight, but do no damage.
The wight hits you with a +4 flail of freezing!
You die...

## #.## ### ##
##...########...# ##.
##........##..###. #..
... #....##..##..###..
#.##.###.......#
#......
.....#...##...###......
#..........##.......
##.@........##.....#
#...z###....####...##
###..# ##....###..##
...# ##....#....# ....#
##.......## #...##
####.#### ...# #.# ##..
###


You could see a wight.

Vanquished Creatures
  A black bear (D:4)
  A bullfrog (D:7)
  An iguana (D:4)
  6 adders
  An ufetubus (D:4)
  2 worms (D:2)
  2 dart slugs (D:1)
  7 ball pythons
  5 endoplasms
  4 goblins
  7 hobgoblins
  5 jackals (D:1)
  9 kobolds
  4 quokkas
  6 bats
  3 frilled lizards
  7 rats
71 creatures vanquished.

Notes
Turn   | Place    | Note
-------+----------+-------------------------------------------
     0 | D:1      | spiderkeys the Octopode Brigand began the quest for the
                  | Orb.
     0 | D:1      | Reached XP level 1. HP: 14/14 MP: 1/1
   242 | D:1      | Reached XP level 2. HP: 19/19 MP: 2/2
   560 | D:1      | Reached XP level 3. HP: 17/24 MP: 3/3
  1181 | D:2      | Found a faded altar of an unknown god.
  1189 | D:2      | Became a worshipper of Cheibriados the Contemplative
  1189 | D:2      | Reached * piety under Cheibriados
  1338 | D:2      | Found Yrank's Weapon Boutique.
  1391 | D:2      | Reached XP level 4. HP: 5/30 MP: 4/4
  1392 | D:2      | HP: 1/30 [kobold/+0 club (2)]
  1398 | D:2      | HP: 1/30 [ball python (1)]
  1778 | D:2      | Found Udots's Antique Armour Shoppe.
  1986 | D:3      | Reached ** piety under Cheibriados
  2283 | D:3      | Reached skill level 6 in Stealth
  2880 | D:4      | Reached XP level 5. HP: 27/36 MP: 5/5
  3092 | D:4      | Found Ziphesob's Distillery.
  3095 | D:4      | Bought a potion of curing for 30 gold pieces
  3105 | D:4      | Noticed a black bear
  3115 | D:4      | Killed a black bear
  3116 | D:4      | Reached XP level 6. HP: 24/42 MP: 6/6
  3469 | D:4      | You fall into a shaft and drop 3 floors!
  3518 | D:7      | Mangled by a wight

Illustrated notes

Levels and vault maps discovered:
D:1:      mrwooster_arrival_statue_2, layout_loops_corners
D:2:      layout_rooms, serial_shops, shop, nicolae_shop_statue_plus,
          ebering_ecumenical_altar_mist, st_stairs_9, minmay_joined_circles
D:3:      layout_loops_corners, minmay_misc_feat_rugged
D:4:      layout_basic, nicolae_overflow_hidden_temple,
          minmay_temple_entry_metal_lava, serial_shops, kennysheep_mini_moat
D:7:      minmay_polygon_palace, layout_cave_pools, serial_gnoll_camp,
          gnoll_camp_mini_basic, gnoll_camp_mini_sergeant, gnoll_camp_mini_shop,
          gnoll_camp_huts_basic, gnoll_camp_mini_hut, hex_tiny, minmay_between

Skill      XL: |  1  2  3  4  5  6 |
---------------+-------------------+-----
Dodging        | 2 3 4 |  4.0
Stealth        | 6 |  6.6
Fighting       | 3 |  3.4
Short Blades   | 3 |  3.4
Throwing       | |  2.0

Action                   |  1- 3 |  4- 6 || total
-------------------------+-------+-------++-------
Melee: Dagger            |    69 |    72 ||   141
       Tentacles         |    15 |    19 ||    34
       Constrict         |    15 |    16 ||    31
Invok: Bend Time         |       |     1 ||     1
 Stab: Sleeping          |    15 |    10 ||    25
Armor: Skin              |     5 |     5 ||    10
Dodge: Dodged            |    36 |    53 ||    89

Table legend: (Time is in decaauts)
 A = Elapsed time spent in this place.
 B = Non-inter-level travel time spent in this place.
 C = Inter-level travel time spent in this place.
 D = Time resting spent in this place.
 E = Time spent auto-exploring this place.
 F = Levels seen in this place.
 G = Mean time per level.
                   A        B        C        D        E       F      G
               +--------+--------+--------+--------+--------+-----+--------+
         Total |   4120 |   4030 |     90 |    284 |   3262 |   5 |  824.0 |
       Dungeon |   4120 |   4030 |     90 |    284 |   3262 |   5 |  824.0 |
               +--------+--------+--------+--------+--------+-----+--------+

Top non-repeatable levels by time:
     D:2: 1228 daAuts
     D:3: 1227 daAuts
     D:1: 903 daAuts
     D:4: 688 daAuts
     D:7: 71 daAuts
